Map: Lerilak Crest

Players

Animus - Winner!

  • Race: Terran Terran

Bop

  • Race: Zerg Zerg

VOD

Have the link to the VOD?

Description

Time

  • Played on: May 1, 2015, 6:05 p.m.
  • Length: 4:44
Show
View Real Time Build Order
Export as new Build Order

Animus Terran - Winner!

Build Orders: Reaper Expand 

Get SALT Encoding   

  12  0:12  SCV  
  13  0:24  SCV  
  13  0:28  Supply Depot  
  14  0:36  SCV  
  15  0:44  Refinery  
  15  0:49  SCV  
  16  0:52  Barracks  
  16  1:01  SCV  
  17  1:13  SCV  
  18  1:22  Supply Depot  
  18  1:26  SCV  
  19  1:43  Reaper  
  19  1:46  Command Center  
  20  1:53  Orbital Command  
  20  2:06  Factory  
  20  2:14  Marine  
  21  2:19  SCV  
  22  2:29  Barracks  
  22  2:31  SCV  
  23  2:39  Barracks Reactor  
  23  2:43  SCV  
  26  2:51  Hellion  
  26  2:55  SCV  
  27  2:59  SCV  
  28  3:07  SCV  
  28  3:08  Barracks  
  28  3:11  Barracks  
  29  3:23  SCV, Orbital Command  
  29  3:26  Barracks Tech Lab  
  30  3:27  Hellion x2  
  30  3:33  Armory  
  34  3:39  Marine  
  35  3:47  SCV  
  35  3:48  Supply Depot  
  36  3:52  Marine  
  37  4:01  Hellion x2  
  41  4:04  Marine  
  42  4:12  Marine x3  
  45  4:22  Hellion, Marine  
  45  4:23  SCV x2  
Show
View Real Time Build Order
Export as new Build Order

Bop Zerg 

Build Orders: Hatch First 

Get SALT Encoding   

  12  0:01  Drone  
  13  0:14  Overlord  
  13  0:18  Drone  
  14  0:26  Drone, Extractor  
  15  0:34  Drone  
  16  0:36  Drone  
  17  0:55  Hatchery  
  16  0:58  Drone  
  16  1:01  Extractor  
  16  1:02  Drone  
  17  1:17  Spawning Pool  
  16  1:26  Drone x2  
  18  1:35  Drone  
  19  1:46  Drone  
  20  1:58  Drone  
  21  2:06  Queen x2  
  21  2:07  Metabolic Boost  
  25  2:09  Drone  
  26  2:16  Zergling x2  
  26  2:18  Zergling x2  
  27  2:50  Lair  
  27  2:54  Overlord  
  27  2:56  Overlord  
  27  3:00  Extractor x2  
  27  3:01  Extractor  
  27  3:14  Queen  
  27  3:15  Drone x3  
  27  3:16  Drone x3  
  27  3:18  Overlord  
  35  3:32  Drone, Extractor  
  35  3:40  Overlord  
  35  3:42  Drone x5  
  40  3:49  Extractor  
  40  3:51  Drone x4  
  43  3:56  Spire  
  43  3:57  Drone  
  43  4:07  Overlord  
  43  4:08  Drone x2  
  45  4:20  Drone x6  
  51  4:25  Extractor  
Tags
 
Add a new tag
Caveats
  • Supply blocks, unpowered buildings, or Contaminate may cause inaccurate times.
  • Supply counts are checked every 10 seconds.